 Dungeon Crawl Stone Soup version 0.28-a0-662-g1651b1f1e0 (webtiles) character file.

Game seed: 11987977752057267638

11417 Demosthentine the Spear-Bearer (level 11, 0/136 HPs)
             Began as a Merfolk Gladiator on Oct 14, 2021.
             Was an Elder of the Shining One.
             Slain by Snorg (14 damage)
             ... on level 10 of the Dungeon.
             The game lasted 00:10:15 (11898 turns).

Demosthentine the Spear-Bearer (Merfolk Gladiator) Turns: 11898, Time: 00:10:16

Health: 0/136      AC: 25    Str: 16    XL:     11   Next: 77%
Magic:  15/15      EV:  2    Int:  7    God:    the Shining One [****..]
Gold:   551        SH:  0    Dex: 18    Spells: 10/10 levels left

rFire   . . .      SeeInvis .   k - +1 trident (venom)
rCold   . . .      Faith    .   (no shield)
rNeg    + + .      Spirit   .   (armour currently unavailable)
rPois   +          Reflect  .   (helmet currently unavailable)
rElec   .          Harm     .   (cloak currently unavailable)
rCorr   .          Rampage  .   (gloves currently unavailable)
Will    +....      NoTele   +   (boots currently unavailable)
Stlth   +.........              (no amulet)
HPRegen 0.32/turn               j - ring of willpower
MPRegen 0.14/turn               z - ring of poison resistance

@: tree-form, glowing
A: stationary, stasis, torment immunity, boosted hp, (nimble swimmer 2),
(mertail)
a: Renounce Religion, Divine Shield, Cleansing Flame


You were on level 10 of the Dungeon.
You worshipped the Shining One.
The Shining One was greatly pleased with you.
You were a tree.
You visited 2 branches of the dungeon, and saw 11 of its levels.
You also visited: Sewer.

You collected 551 gold pieces.

Inventory:

Hand Weapons
 k - a +1 trident of venom (weapon)
Armour
 a - a +0 buckler
 c - a +0 helmet (melded)
 n - a +1 cloak (melded)
 D - +0 steam dragon scales (melded)
Jewellery
 j - a ring of willpower (left branch)
 o - a ring of flight
 t - a ring of resist corrosion
 x - an amulet of guardian spirit
 z - a ring of poison resistance (right branch)
 A - the ring "Kairas" {rC++ rCorr Int+4 Dex-4}
   (You found it on level 7 of the Dungeon)

   [ring of resist corrosion]

   Int:       It affects your intelligence (+4).
   Dex:       It affects your dexterity (-4).
   rC:        It greatly protects you from cold.
   rCorr:     It protects you from acid and corrosion.
 B - a +6 ring of dexterity
 C - a ring of protection from fire
Wands
 b - a wand of polymorph (5)
 p - a wand of flame (48)
 q - a wand of mindburst (60)
 G - a wand of acid (5)
Scrolls
 g - 2 scrolls of enchant weapon
 m - 6 scrolls of teleportation
 u - 2 scrolls of magic mapping
 y - a scroll of silence
 E - a scroll of blinking
 F - 2 scrolls of vulnerability {unknown}
 H - a scroll of amnesia {unknown}
 I - a scroll of enchant armour
Potions
 d - a potion of brilliance
 e - a potion of lignification
 f - 5 potions of curing
 h - 3 potions of flight
 l - a potion of haste
 r - 4 potions of mutation
 s - a potion of cancellation
 v - a potion of resistance


   Skills:
 + Level 10.2 Fighting
 + Level 13.5 Polearms
 - Level 2.0 Throwing
 - Level 5.5 Armour
 + Level 12.4 Dodging
 + Level 2.4 Shields
 + Level 5.6 Invocations


You had 10 spell levels left.
You didn't know any spells.
Your spell library contained the following spells:

 Spells                   Type           Power      Damage    Failure   Level
 Animate Skeleton         Necr           0%         N/A       43%         1
 Apportation              Tloc           0%         N/A       43%         1
 Shock                    Conj/Air       0%         1d3       43%         1
 Summon Small Mammal      Summ           0%         N/A       43%         1
 Slow                     Hex            0%         N/A       56%         2
 Confusing Touch          Hex            0%         N/A       80%         3
 Swiftness                Air            0%         N/A       80%         3
 Vampiric Draining        Necr           0%         2d6       80%         3
 Airstrike                Air            0%         N/A       99%         4


Dungeon Overview and Level Annotations

Branches:
Dungeon (10/15)            Temple (1/1) D:4            Lair (0/6) D:8
  Sewer (visited)
    Orc: D:9-12

Altars:
Ashenzari
Cheibriados
Dithmenos
Elyvilon
Fedhas
Gozag
Hepliaklqana
Kikubaaqudgha
Makhleb
Nemelex Xobeh
Okawaru
Qazlal
Ru
Sif Muna
Trog
Uskayaw
Vehumet
Wu Jian
Xom
Yredelemnul
Zin
The Shining One

Shops:
D:3 (   D:5 =

Annotations:
D:10 1 transporter, Snorg


Innate Abilities, Weirdness & Mutations

You are a tree.
Your roots penetrate the ground, keeping you stationary.
You cannot be teleported.
You are immune to unholy pain and torment.
Your maximum health is greatly increased.
Your equipment is partially melded.
((You are quick and stealthy near water. (Stealth+, EV+, Speed+++)))
((Your lower body shifts to a powerful aquatic tail in water.))


Message History

Snorg claws you!
You hit Snorg.
Snorg looks as sick as possible!
Snorg is heavily wounded.
Snorg bites you but does no damage. Snorg claws you.
Snorg claws you but does no damage.
You feel much better. Snorg bites you but does no damage. Snorg claws you.
Snorg claws you but does no damage. Snorg bites you!
Snorg claws you but does no damage. x2
You hit Snorg.
Snorg looks as sick as possible!
Snorg is heavily wounded.
Snorg bites you but does no damage. Snorg claws you.
Snorg claws you but does no damage.
You puncture Snorg!
Snorg looks as sick as possible!
Snorg is heavily wounded.
You completely miss Snorg.
Snorg is heavily wounded.
Snorg bites you! Snorg claws you. Snorg claws you!
* * * LOW HITPOINT WARNING * * *
Snorg bites you but does no damage. Snorg claws you but does no damage. x2
You puncture Snorg!
Snorg looks as sick as possible!
Snorg is severely wounded.
You barely miss Snorg.
Snorg is severely wounded.
Snorg bites you but does no damage. Snorg claws you but does no damage.
Snorg claws you.
* * * LOW HITPOINT WARNING * * *
Snorg bites you but does no damage. Snorg claws you!
* * * LOW HITPOINT WARNING * * *
Snorg claws you but does no damage.
You feel much better. Snorg bites you!
* * * LOW HITPOINT WARNING * * *
Snorg claws you!
* * * LOW HITPOINT WARNING * * *
Snorg claws you!
* * * LOW HITPOINT WARNING * * *
Unknown command.
You hit Snorg.
Snorg looks as sick as possible!
Snorg is severely wounded.
Snorg bites you!
You die...

... ©[8
..$.
⌠...⌠
▓▓▓▓▓▓
§.....###
©_....T.#
#♣# #.#
#.# #.#
#.# #.#
#.# #.#
#####..
##.#


You could see Snorg (berserk, extremely poisoned).

Vanquished Creatures
  A centaur warrior (D:7)
  A two-headed ogre (D:10)
  An ugly thing (D:8)
  A cyclops (D:7)
  Joseph (D:8)
  An efreet (D:8)
  A jumping spider (shapeshifter) (D:8)
  A hornet (D:7)
  Prince Ribbit (D:8)
  A slime creature (D:8)
  11 yaks (D:9)
  2 wraiths
  A shadow (D:10)
  2 steam dragons
  3 vampire mosquitoes (D:10)
  Eustachio (D:6)
  Menkaure (D:5)
  3 ice beasts (D:7)
  3 sky beasts
  An ogre (D:5)
  3 orc warriors (D:8)
  3 black bears
  5 centaurs
  10 kobold brigands
  6 bullfrogs
  2 gnoll sergeants
  5 scorpions
  A wyvern skeleton (D:6)
  7 wights (D:8)
  5 killer bees
  4 howler monkeys
  An electric eel (D:6)
  10 centaur zombies
  4 hounds
  4 bullfrog zombies
  Crazy Yiuf (D:5)
  4 jellies
  A centaur skeleton (D:5)
  A gnoll shaman (D:7)
  3 orc priests
  A scorpion zombie (D:5)
  2 iguanas (D:6)
  6 orc wizards
  2 killer bee zombies
  A hound skeleton (D:4)
  3 howler monkey zombies
  9 gnolls
  5 river rats
  5 adders
  2 white imps
  An ufetubus (D:5)
  8 worms
  6 dart slugs
  15 orcs
  8 endoplasms
  3 giant cockroaches
  5 goblins
  4 hobgoblins
  2 jackals (D:3)
  5 quokkas
  11 ball pythons
  5 bats
  A frilled lizard (D:3)
  23 kobolds
  11 rats
262 creatures vanquished.

Vanquished Creatures (others)
  5 fungi
  4 plants (D:8)
9 creatures vanquished.

Grand Total: 271 creatures vanquished

Notes
Turn   | Place    | Note
-------+----------+-------------------------------------------
     0 | D:1      | Demosthentine the Merfolk Gladiator began the quest for the
                  | Orb.
     0 | D:1      | Reached XP level 1. HP: 16/16 MP: 1/1
   287 | D:1      | Found a faded altar of an unknown god.
   325 | D:1      | Reached XP level 2. HP: 23/23 MP: 2/2
   910 | D:2      | Reached XP level 3. HP: 28/28 MP: 3/3
  1073 | D:2      | Reached skill level 5 in Polearms
  1341 | D:2      | Reached skill level 1 in Armour
  1704 | D:3      | Found Qasit's Antique Weapon Emporium.
  1784 | D:3      | Reached XP level 4. HP: 34/34 MP: 4/4
  2437 | D:3      | Found a burning altar of Makhleb.
  2613 | D:4      | Found an iron altar of Okawaru.
  3007 | D:4      | Found a staircase to the Ecumenical Temple.
  3040 | D:4      | Reached skill level 5 in Dodging
  3040 | D:4      | Reached XP level 5. HP: 32/41 MP: 5/5
  3042 | Temple   | Entered the Ecumenical Temple
  3314 | Temple   | Became a worshipper of the Shining One
  3758 | D:5      | Entered Level 5 of the Dungeon
  3765 | D:5      | Found a hide-covered altar of Uskayaw.
  3881 | D:5      | Reached skill level 6 in Polearms
  3943 | D:5      | Reached XP level 6. HP: 47/48 MP: 6/6
  4238 | D:5      | Reached XP level 7. HP: 47/55 MP: 7/7
  4304 | D:5      | Noticed Menkaure
  4315 | D:5      | Killed Menkaure
  4316 | D:5      | Reached skill level 7 in Polearms
  4337 | D:5      | Reached * piety under the Shining One
  4560 | D:5      | Found Naf Rech's Jewellery Shoppe.
  4795 | D:5      | Found a runed translucent door.
  4796 | D:5      | Noticed Crazy Yiuf
  4807 | D:5      | Killed Crazy Yiuf
  4956 | D:6      | Reached skill level 5 in Fighting
  4990 | D:6      | Reached XP level 8. HP: 57/62 MP: 8/8
  5183 | D:6      | Found a glowing drain.
  5197 | Sewer    | Entered a sewer
  5252 | Sewer    | Reached skill level 8 in Polearms
  6201 | D:6      | Found a glowing silver altar of Zin.
  6266 | D:6      | Found a radiant altar of Vehumet.
  6303 | D:6      | Reached skill level 9 in Polearms
  6328 | D:6      | Reached XP level 9. HP: 71/71 MP: 9/9
  6479 | D:6      | Noticed Eustachio
  6498 | D:6      | Killed Eustachio
  6520 | D:6      | Reached ** piety under the Shining One
  7078 | D:7      | Noticed a hornet
  7084 | D:7      | Killed a hornet
  7085 | D:7      | Reached skill level 10 in Polearms
  7095 | D:7      | HP: 3/72 [acid (9)]
  7373 | D:7      | Noticed a centaur warrior
  7374 | D:7      | Noticed a cyclops
  7380 | D:7      | Killed a centaur warrior
  7381 | D:7      | Reached skill level 5 in Armour
  7381 | D:7      | Reached XP level 10. HP: 51/80 MP: 10/10
  7393 | D:7      | Killed a cyclops
  7394 | D:7      | Reached skill level 11 in Polearms
  7394 | D:7      | Reached skill level 10 in Dodging
  7818 | D:7      | Identified the ring "Kairas" {rC++ rCorr Int+4 Dex-4}
  7822 | D:7      | Identified the +1 robe "Tufih" {Harm Will++ Int+6}
  8395 | D:7      | Found a shimmering blue altar of Sif Muna.
  8648 | D:8      | Reached skill level 1 in Invocations
  8797 | D:8      | Noticed Prince Ribbit
  8835 | D:8      | Killed Prince Ribbit
  9031 | D:8      | Reached skill level 12 in Polearms
  9051 | D:8      | Reached *** piety under the Shining One
  9070 | D:8      | Noticed a white ugly thing
  9071 | D:8      | Noticed an orb spider
  9099 | D:8      | Killed a white ugly thing
  9267 | D:8      | Noticed Joseph
  9282 | D:8      | Killed Joseph
  9283 | D:8      | Reached XP level 11. HP: 60/88 MP: 13/13
  9858 | D:8      | Found a staircase to the Lair.
 10227 | D:9      | Reached skill level 13 in Polearms
 10472 | D:9      | Reached **** piety under the Shining One
 10510 | D:9      | Found a basalt altar of Yredelemnul.
 10610 | D:9      | Found a broken altar of Ashenzari.
 10688 | D:9      | Reached skill level 10 in Fighting
 10688 | D:9      | Reached skill level 1 in Shields
 10694 | D:9      | Reached skill level 5 in Invocations
 11123 | D:10     | Entered Level 10 of the Dungeon
 11791 | D:10     | Noticed a two-headed ogre
 11801 | D:10     | Killed a two-headed ogre
 11877 | D:10     | Found a sparkling altar of Nemelex Xobeh.
 11877 | D:10     | Found a transporter.
 11877 | D:10     | Noticed Snorg
 11898 | D:10     | Slain by Snorg

Illustrated notes

Levels and vault maps discovered:
D:1:      lightli_molten_gateway, layout_basic, ebering_ecumenical_altar_mist
D:2:      layout_basic
D:3:      kennysheep_big_flooded_room, layout_basic, lightli_temple_of_fire,
          serial_shops, shop
D:4:      layout_cave_pools, okawaru_gym_becter,
          minmay_temple_entry_gardened_gates, serial_co_window_serial,
          co_window_paths_b, co_window_paths_b, co_window_cross_1,
          co_window_paths_a, co_window_cross_1, co_window_corner_a,
          co_window_paths_b, co_window_paths_b, co_window_corner_a,
          co_window_of_opportunity_b, co_window_broadway_a,
          co_window_broadway_c, co_window_corner_b, co_window_corner_b,
          co_window_2corner, co_window_corner_b, glass_columns_a
D:5:      layout_loops_ring, mainiacjoe_overflow_24_doors, serial_shops,
          kennysheep_mini_moat, uniq_crazy_yiuf_cottage, uniq_menkaure
D:6:      layout_basic, mainiacjoe_overflow_catch_the_wave,
          portal_sewer_entry_b, uniq_eustachio
D:7:      minmay_the_grid_four_pointed_star
          [minmay_the_grid_triangle_9x9_dagger,
          minmay_the_grid_triangle_9x9_zippers_horizontal,
          minmay_the_grid_triangle_9x9_shrine,
          minmay_the_grid_triangle_9x9_pentomino_pain,
          minmay_the_grid_prize_diamond_cup], layout_loops_ring,
          lemuel_blue_sif_altar
D:8:      layout_basic, grunt_lair_entry_orc_guard_hut, minmay_pinched_square,
          uniq_joseph, uniq_prince_ribbit1
D:9:      layout_roguey, lemuel_doored_altar, nicolae_yredelemnul_corpse_copse
D:10:     layout_loops_ring, grunt_nemelex_the_gamble, minmay_misc_feat_plants,
          uniq_snorg
Temple:   nicolae_temple_figure_eight

Skill      XL: |  1  2  3  4  5  6  7  8  9 10 11 |
---------------+----------------------------------+-----
Polearms       | 5 6 7 9 10 12 13 | 13.5
Armour         | 1 2 3 4 5 |  5.5
Fighting       | 3 4 5 6 7 9 10 | 10.2
Dodging        | 5 6 8 9 11 12 | 12.4
Invocations    | 3 5 |  5.6
Shields        | 2 |  2.4
Throwing       | |  2.0

Action                   |  1- 3 |  4- 6 |  7- 9 | 10-12 || total
-------------------------+-------+-------+-------+-------++-------
Melee: Trident           |   118 |   127 |   290 |   596 ||  1131
       Tailslap          |       |       |    10 |       ||    10
Throw: Throwing net      |       |       |     1 |     4 ||     5
  Use: Scroll            |     4 |     5 |     6 |     5 ||    20
       Potion            |       |       |     1 |     5 ||     6
 Stab: Sleeping          |     5 |       |       |       ||     5
Armor: Leather armour    |    19 |    47 |    50 |     7 ||   123
       Steam dragon scal |       |       |       |    63 ||    63
       Skin              |       |       |       |    28 ||    28
Dodge: Dodged            |    63 |    84 |   175 |   312 ||   634

Table legend: (Time is in decaauts)
 A = Elapsed time spent in this place.
 B = Non-inter-level travel time spent in this place.
 C = Inter-level travel time spent in this place.
 D = Time resting spent in this place.
 E = Time spent auto-exploring this place.
 F = Levels seen in this place.
 G = Mean time per level.
                   A        B        C        D        E       F      G
               +--------+--------+--------+--------+--------+-----+--------+
         Total |  11556 |  11212 |    344 |    632 |   8681 |  12 |  963.0 |
       Dungeon |  10406 |  10062 |    344 |    632 |   7685 |  10 | 1040.6 |
        Temple |    284 |    284 |      0 |      0 |    270 |   1 |  284.0 |
         Sewer |    864 |    864 |      0 |      0 |    725 |   1 |  864.0 |
               +--------+--------+--------+--------+--------+-----+--------+

Top non-repeatable levels by time:
     D:7: 1587 daAuts
     D:8: 1448 daAuts
     D:6: 1136 daAuts
     D:5: 1079 daAuts
     D:9: 932 daAuts
     D:3: 928 daAuts
     D:4: 910 daAuts
     D:1: 894 daAuts
   Sewer: 864 daAuts
    D:10: 753 daAuts
     D:2: 734 daAuts
  Temple: 284 daAuts
